 Dungeon Crawl Stone Soup version 0.22.3-3-g34f245f157 (webtiles) character file.

15 DrunkBamboolord the Ruffian (level 2, 0/25 HPs)
             Began as a Naga Transmuter on Apr 14, 2024.
             Slain by a jackal (2 damage)
             ... on level 1 of the Dungeon.
             The game lasted 00:01:47 (728 turns).

DrunkBamboolord the Ruffian (Naga Transmuter)        Turns: 728, Time: 00:01:48

Health: 0/25       AC:  1    Str: 17    XL:     2   Next: 50%
Magic:  5/5        EV: 10    Int: 13    God:
Gold:   24         SH:  0    Dex: 11    Spells: 4/5 levels left

rFire    . . .     SeeInvis +     - Unarmed
rCold    . . .     Gourm    .   (no shield)
rNeg     . . .     Faith    .   b - +0 robe
rPois    +         Spirit   .   (no helmet)
rElec    .         Reflect  .   (no cloak)
rCorr    .         Harm     .   (no gloves)
MR       .....                  (no barding)
Stlth    +.........             (no amulet)
HPRegen  0.08/turn              (no ring)
MPRegen  0.09/turn              (no ring)

@: mighty, very slow
A: large, see invisible, deformed body, poison resistance, slowness 2, slow
metabolism 1, spit poison 1, AC +0
a: Spit Poison


You were on level 1 of the Dungeon.
You were not hungry.

You visited 1 branch of the dungeon, and saw 1 of its levels.

You collected 24 gold pieces.

Inventory:

Missiles
 a - 12 arrows
Armour
 b - a +0 robe (worn)
Scrolls
 c - a scroll of magic mapping {unknown}
 e - 2 scrolls of teleportation {unknown}
Potions
 i - a potion of brilliance {unknown}
Comestibles
 d - 2 rations
 f - 3 chunks of flesh


   Skills:
 + Level 1.1 Fighting
 * Level 1.9 Dodging
 + Level 0.9 Stealth
 + Level 3.1 Unarmed Combat
 + Level 2.1 Spellcasting
 + Level 2.2 Transmutations


You had 4 spell levels left.
You knew the following spells:

 Your Spells              Type           Power        Failure   Level  Hunger
a - Beastly Appendage     Tmut           #.....       10%         1    ##.....

Your spell library contained the following spells:

 Spells                   Type           Power        Failure   Level  Hunger
 Sticks to Snakes         Tmut           #.......     16%         2    ###....
 Spider Form              Tmut/Pois      #.........   43%         3    ####...
 Ice Form                 Ice/Tmut       #.......     85%         4    #####..
 Blade Hands              Tmut           #.........   95%         5    ######.


Dungeon Overview and Level Annotations

Branches:
Dungeon (1/15)

Altars:


Innate Abilities, Weirdness & Mutations

You cannot wear boots.
Your serpentine skin is tough. (AC +0)
You have supernaturally acute eyesight. (SInv)
Armour fits poorly on your strangely shaped body.
Your system is resistant to poisons. (rPois)
You cover ground very slowly.
You have a slow metabolism.
You can spit poison.


Message History

You kill the jackal!
You closely miss the rat. The rat bites you.
You closely miss the rat. The rat bites you.
* * * LOW HITPOINT WARNING * * *
You barely miss the rat. The rat bites you.
* * * LOW HITPOINT WARNING * * *
Unknown command.
You hit the rat.
The rat is severely wounded.
The rat closely misses you.
You hit the rat.
You kill the rat!
The jackal bites you.
* * * LOW HITPOINT WARNING * * *
It was a potion of cancellation.
You feel magically purged.
The jackal bites you but does no damage.
It was a potion of might.
You feel very mighty all of a sudden. The jackal closely misses you.
The jackal bites you.
You die...

#......................
#.........###.......#
##.........# #.......###
...........# #..........
...........###..........
.................####...
....####....####.# ..
....####....# #.# .
............# #@#
............####h####
≈≈≈≈≈≈≈........†....+
...8.†≈.########'##.#
#####.≈.##........# ..
....#8≈.##........+ .#
#####.≈.##........# #
....#.≈.##........#
≈≈≈≈#.≈.##........#


You could see a jackal.

Vanquished Creatures
  A dart slug (D:1)
  A leopard gecko (D:1)
  2 giant cockroaches (D:1)
  A hobgoblin (D:1)
  A jackal (D:1)
  A frilled lizard (D:1)
  3 kobolds (D:1)
  2 rats (D:1)
12 creatures vanquished.

Notes
Turn   | Place    | Note
-------+----------+-------------------------------------------
     0 | D:1      | DrunkBamboolord the Naga Transmuter began the quest for the
                  | Orb.
     0 | D:1      | Reached XP level 1. HP: 18/18 MP: 3/3
   555 | D:1      | Reached XP level 2. HP: 19/25 MP: 3/5
   726 | D:1      | HP: 1/25 [jackal (2)]
   728 | D:1      | Slain by a jackal

Action                   || total
-------------------------++-------
Melee: Unarmed           ||    40
       Headbutt          ||     6
       Punch             ||     2
 Cast: Beastly Appendage ||     7
  Use: Potion            ||     2
Armor: Robe              ||     4
Dodge: Dodged            ||    27
